 Dungeon Crawl Stone Soup version 0.28.0-53-g5a82cb258f (webtiles) character file.

Game seed: 11354394705299112915

1923 cbfl8 the Cleaver (level 8, -5/73 HPs)
             Began as a Minotaur Berserker on Nov 20, 2022.
             Was a Priest of Trog.
             Slain by a vampire
             ... wielding a +0 club
              (11 damage)
             ... on level 6 of the Dungeon.
             The game lasted 00:08:09 (5636 turns).

cbfl8 the Cleaver (Minotaur Berserker)              Turns: 5636, Time: 00:08:10

Health: -5/73      AC: 13    Str: 22    XL:     8   Next: 96%
Magic:  7/7        EV:  8    Int:  4    God:    Trog [***...]
Gold:   400        SH:  0    Dex: 12    Spells: 7/7 levels left

rFire   . . .      SeeInvis .   t - +0 war axe
rCold   . . .      Faith    .   (no shield)
rNeg    . . .      Spirit   .   s - +0 plate armour
rPois   .          Reflect  .   (helmet restricted)
rElec   .          Harm     .   r - +0 cloak
rCorr   .          Rampage  .   (no gloves)
Will    .....                   (no boots)
Stlth   ..........              m - amulet of regeneration
HPRegen 1.02/turn               (no ring)
MPRegen 0.10/turn               (no ring)

@: about to teleport, on berserk cooldown, slowed, very slow
A: horns 2, retaliatory headbutt
a: Renounce Religion, Berserk, Trog's Hand


You were on level 6 of the Dungeon.
You worshipped Trog.
Trog was most pleased with you.
You visited 1 branch of the dungeon, and saw 6 of its levels.
You also visited: Sewer.

You collected 400 gold pieces.

Inventory:

Hand Weapons
 a - a +0 hand axe
 t - a +0 war axe (weapon)
Armour
 r - a +0 cloak (worn)
 s - a +0 plate armour (worn)
Jewellery
 j - an amulet of the acrobat
 l - an amulet of reflection
 m - an amulet of regeneration (around neck)
 x - a ring of protection from fire
 y - a +4 ring of evasion
Wands
 u - a wand of polymorph (8)
Scrolls
 c - 3 scrolls of identify
 d - a scroll of summoning
 g - a scroll of torment
 h - 4 scrolls of teleportation
 k - 4 scrolls of immolation
 n - 2 scrolls of magic mapping
 p - a scroll of blinking
 v - a scroll of vulnerability {unknown}
Potions
 e - 2 potions of haste {unknown}
 f - 2 potions of heal wounds {unknown}
 i - 4 potions of flight
 o - 2 potions of might {unknown}
 q - a potion of invisibility {unknown}
 w - 2 potions of degeneration {unknown}
 z - a potion of brilliance {unknown}
 A - 2 potions of mutation {unknown}
 B - a potion of cancellation {unknown}


   Skills:
 * Level 7.1 Fighting
 * Level 10.0 Axes
 + Level 5.3 Armour
 * Level 5.1 Dodging
 + Level 0.5 Stealth
 * Level 3.1 Evocations


You had 7 spell levels left.
You didn't know any spells.
Your spell library was empty.

Dungeon Overview and Level Annotations

Branches:
Dungeon (6/15)             Temple (0/1) D:4           Sewer (visited)

Altars:
Dithmenos
Gozag
Hepliaklqana
Makhleb
Yredelemnul

Shops:
D:2 *


Innate Abilities, Weirdness & Mutations

You have a pair of horns on your head.
You reflexively headbutt those who attack you in melee.


Message History

A vampire is nearby!
The vampire casts a spell.
The vampire flickers and vanishes!
Deactivating autopickup; reactivate with Ctrl-A.
No target in view!
A red film seems to cover your vision as you go berserk!
You feel yourself moving faster!
You feel mighty!
You feel a strong urge to attack something.
You hear some strange, mumbled words.
You are confused.
You bump into the rock wall.
You feel your anger nearly subside. Something completely misses you.
Something bites you but does no damage.
You miss something.
You are no longer berserk.
You are exhausted.
You feel yourself slow down. Something hits you. Something bites you.
Something draws strength from your injuries!
You bump into the rock wall.
Something hits you but does no damage. Something bites you!
Something draws strength from your injuries!
You're too confused to move!
Something hits you! Something bites you!
Something draws strength from your injuries!
Something hits you. Something bites you but does no damage.
You bump into the rock wall.
You feel less confused. Something hits you but does no damage.
Something bites you but does no damage.
You slash something! Something hits you!
Something bites you but does no damage. Something hits you.
Something bites you.
Something draws strength from your injuries!
Something completely misses you. Something bites you but does no damage.
Something hits you! Something bites you!
* * * LOW HITPOINT WARNING * * *
Something draws strength from your injuries!
As you read the scroll of teleportation, it crumbles to dust.
You feel strangely unstable. Something hits you!
* * * LOW HITPOINT WARNING * * *
Something bites you!
You die...

###'#######.####)###
#.#.........))....
#.#............###
#.#.......########
#.#.....<..# #.
#.####.#'########.
#.# #..........#. #.#
#..........#. ####@#
#.....)....#.
#....####..........'.
#..................#.
#....#####.........#.
##'#.# #.........##
...#.# #.........#
##..#.# #..........
#..... #...........
#.###.# ###....


There were no monsters in sight!

Vanquished Creatures
  Menkaure (D:6)
  A steam dragon (D:6)
  2 water moccasins
  2 ice beasts
  A necrophage (D:5)
  2 phantoms
  A kobold brigand (D:6)
  A wyvern zombie (D:6)
  3 scorpions
  A centaur zombie (D:6)
  3 hounds
  2 orc priests
  Crazy Yiuf (D:4)
  2 iguanas
  A merfolk siren (Sewer)
  3 orc wizards
  A merfolk avatar (Sewer)
  A killer bee zombie (D:5)
  2 hound skeletons (D:4)
  8 gnolls
  9 adders
  4 river rats (Sewer)
  A shadow imp (D:6)
  A white imp (D:5)
  An ufetubus (D:6)
  2 worms
  15 orcs
  5 endoplasms
  3 giant cockroaches
  12 goblins
  9 hobgoblins
  9 quokkas
  6 ball pythons
  2 bats
  4 frilled lizards
  9 kobolds
  20 rats
  A spectral hobgoblin (D:6)
152 creatures vanquished.

Notes
Turn   | Place    | Note
-------+----------+-------------------------------------------
     0 | D:1      | cbfl8 the Minotaur Berserker began the quest for the Orb.
     0 | D:1      | Reached XP level 1. HP: 19/19 MP: 0/0
   190 | D:1      | Reached skill level 4 in Axes
   208 | D:1      | Reached XP level 2. HP: 27/27 MP: 1/1
   551 | D:1      | Found a faded altar of an unknown god.
   630 | D:1      | Reached XP level 3. HP: 32/33 MP: 2/2
  1032 | D:2      | Found Gugas's Assorted Antiques.
  1071 | D:2      | Reached skill level 5 in Axes
  1356 | D:2      | Reached XP level 4. HP: 40/40 MP: 3/3
  1797 | D:3      | Found a burning altar of Makhleb.
  1814 | D:3      | Found an opulent altar of Gozag.
  1834 | D:3      | Found a shadowy altar of Dithmenos.
  2584 | D:4      | Reached ** piety under Trog
  2585 | D:4      | Reached XP level 5. HP: 47/47 MP: 4/4
  2673 | D:4      | Found a staircase to the Ecumenical Temple.
  2768 | D:4      | Reached skill level 1 in Evocations
  2810 | D:4      | Found a runed translucent door.
  2811 | D:4      | Noticed Crazy Yiuf
  2893 | D:4      | Noticed a phantom
  2912 | D:4      | Killed a phantom
  2913 | D:4      | Reached skill level 6 in Axes
  2913 | D:4      | Reached XP level 6. HP: 34/55 MP: 5/5
  2989 | D:4      | Reached skill level 5 in Fighting
  3415 | D:4      | Killed Crazy Yiuf
  3514 | D:5      | Entered Level 5 of the Dungeon
  3601 | D:5      | Found a glowing drain.
  3606 | Sewer    | Entered a sewer
  3833 | Sewer    | Reached *** piety under Trog
  3912 | Sewer    | Reached skill level 7 in Axes
  4013 | D:5      | Reached XP level 7. HP: 61/61 MP: 6/6
  4113 | D:5      | Found a basalt altar of Yredelemnul.
  4351 | D:5      | Reached skill level 8 in Axes
  4363 | D:5      | Reached XP level 8. HP: 31/70 MP: 7/7
  4929 | D:6      | Reached skill level 9 in Axes
  4985 | D:6      | Found a hazy altar of Hepliaklqana.
  5046 | D:6      | Noticed Menkaure
  5054 | D:6      | Killed Menkaure
  5111 | D:6      | HP: 1/71 [something (5)]
  5238 | D:6      | Reached skill level 5 in Armour
  5475 | D:6      | Reached skill level 5 in Dodging
  5548 | D:6      | Reached skill level 10 in Axes
  5636 | D:6      | Slain by a vampire

Illustrated notes

Levels and vault maps discovered:
D:1:      erik_arrival_triangle_small, layout_loops_corners,
          basic_ecumenical_altar
D:2:      layout_basic, serial_shops, nicolae_shop_window_shopping
D:3:      layout_loops_corners, nicolae_gozag_cash_rules_everything_around_me,
          mainiacjoe_overflow_small_starburst, old_standard_altar
D:4:      layout_rooms, minmay_temple_entry_grid, serial_rivers,
          chequers_serial_rivers_room_a, chequers_serial_rivers_micro_c,
          chequers_serial_rivers_micro_a, chequers_serial_rivers_micro_a,
          chequers_serial_rivers_micro_e,
          nicolae_concentric_dashed_squares_mild, uniq_crazy_yiuf_cottage
D:5:      layout_basic, lemuel_tele_altar, gup_sewer_entry_bowl,
          mrwooster_statue_mirror, kennysheep_generic_room_6
D:6:      layout_basic, nicolae_hepliaklqana_monster_ancestors,
          hangedman_decor_points, kennysheep_diamond, uniq_menkaure

Skill      XL: |  1  2  3  4  5  6  7  8 |
---------------+-------------------------+-----
Axes           | 4 5 6 7 8 10 | 10.0
Fighting       | 4 5 6 7 |  7.1
Dodging        | 3 4 5 |  5.1
Evocations     | 1 2 3 |  3.1
Armour         | 3 4 5 |  5.3
Stealth        | |  0.5

Action                   |  1- 3 |  4- 6 |  7- 9 || total
-------------------------+-------+-------+-------++-------
Melee: Hand axe          |    47 |   260 |       ||   307
       Headbutt          |    10 |    30 |    30 ||    70
       War axe           |       |     9 |   164 ||   173
       Punch             |       |     2 |     3 ||     5
Invok: Berserk           |     1 |     2 |     3 ||     6
       Trog's Hand       |       |     1 |     1 ||     2
  Use: Scroll            |       |     5 |     2 ||     7
       Potion            |       |       |     6 ||     6
 Stab: Sleeping          |     1 |       |       ||     1
Armor: Leather armour    |    11 |    16 |       ||    27
       Plate armour      |       |    81 |   121 ||   202
Dodge: Dodged            |    29 |   101 |    60 ||   190
